Map: Kairos Junction LE

Players

HellraiseR - Winner!

  • Race: Protoss Protoss
  • League: Master
  • Spawn Location: 11:00

Denver

  • Race: Zerg Zerg
  • League: Master
  • Spawn Location: 5:00

Event: 2019 WCS Winter Europe

VOD

Have the link to the VOD?

Description

Time

  • Played on: Feb. 3, 2019, 11:53 a.m.
  • Length: 5:39

All games in this series

Show
View Real Time Build Order
Export as new Build Order

HellraiseR Protoss - Winner!

Build Orders:  

Get SALT Encoding   

  12  0:00  Probe  
  13  0:12  Probe  
  14  0:25  Probe  
  15  0:29  Pylon  
  15  0:47  Gateway x2  
  15  0:50  Probe  
  16  1:01  Forge  
  16  1:04  Probe  
  17  1:25  Zealot x2  
  17  1:27  Pylon  
  21  1:45  Photon Cannon  
  21  1:46  Photon Cannon  
  21  1:53  Zealot  
  23  1:58  Zealot  
  25  2:03  Photon Cannon  
  25  2:05  Probe  
  26  2:09  Assimilator  
  26  2:20  Probe  
  27  2:28  Cybernetics Core  
  25  2:33  Probe  
  25  2:34  Zealot  
  25  2:37  Assimilator  
  26  2:47  Probe  
  25  3:06  Stalker  
  23  3:18  Stalker  
  25  3:20  Probe  
  26  3:31  Shield Battery  
  26  3:33  Pylon  
  26  3:40  Pylon  
  26  3:51  Stalker, Probe  
  29  4:01  Stalker, Shield Battery  
  31  4:07  Probe  
  32  4:16  Pylon  
  32  4:21  Shield Battery  
  32  4:23  Stalker  
  34  4:33  Probe  
  35  4:43  Robotics Facility  
  33  4:48  Stalker  
  35  4:53  Probe, Shield Battery  
  34  5:04  Stalker  
Show
View Real Time Build Order
Export as new Build Order

Denver Zerg 

Build Orders: Hatch First 

Get SALT Encoding   

  12  0:00  Drone  
  13  0:12  Overlord  
  13  0:17  Drone  
  14  0:31  Drone  
  15  0:45  Hatchery  
  15  0:49  Drone  
  15  0:51  Drone  
  15  0:55  Drone  
  17  1:02  Drone  
  18  1:09  Extractor  
  17  1:17  Spawning Pool  
  16  1:19  Drone  
  16  1:22  Drone  
  18  2:04  Zergling x2  
  18  2:05  Queen, Zergling x6  
  24  2:10  Zergling x2  
  24  2:11  Roach Warren  
  24  2:16  Zergling x2  
  22  2:33  Drone  
  22  2:47  Zergling x2  
  23  2:52  Roach x2  
  23  2:56  Overlord  
  21  3:19  Drone x4  
  25  3:25  Roach  
  27  3:29  Drone  
  24  3:40  Roach  
  25  3:45  Extractor  
  24  3:51  Roach  
  26  3:56  Spine Crawler  
  26  4:01  Roach  
  25  4:14  Roach  
  27  4:20  Drone x3  
  30  4:26  Spore Crawler  
  30  4:28  Ravager  
  30  4:29  Overlord  
  22  4:49  Roach  
  22  4:52  Roach  
  26  4:59  Roach  
  28  5:06  Spine Crawler  
  27  5:11  Roach  
  27  5:18  Roach  
Tags
 
Add a new tag
Caveats
  • Supply blocks, unpowered buildings, or Contaminate may cause inaccurate times.
  • Supply counts are checked every 10 seconds.